 Dungeon Crawl Stone Soup version 0.18.1-50-g88ac8fd (webtiles) character file.

155 Nordron the Firebug (level 5, -2/30 HPs)
             Began as a Gargoyle Fire Elementalist on Sept 23, 2016.
             Killed from afar by an orc wizard (4 damage)
             ... with a magic dart
             ... on level 3 of the Dungeon.
             The game lasted 00:14:02 (1954 turns).

Nordron the Firebug (Gargoyle Fire Elementalist)    Turns: 1954, Time: 00:14:03

Health: -2/30      AC:  7    Str: 11    XL:     5   Next: 37%
Magic:  5/9        EV: 11    Int: 17    God:
Gold:   95         SH:  3    Dex: 10    Spells: 1 memorised, 8 levels left

rFire  . . .     SeeInvis .     p - +0 dagger (drain)
rCold  . . .     Gourm    .     i - +0 leather armour
rNeg   + . .     Faith    .     u - +0 buckler
rPois  ∞         Spirit   .     (no helmet)
rElec  +         Dismiss  .     (no cloak)
rCorr  .         Reflect  .     (no gloves)
SustAt .         Harm     .     (no boots)
MR     .....                    (no amulet)
Stlth  ++........               (no ring)
                                (no ring)

@: very slightly contaminated, not resistant to hostile enchantments, unstealthy
A: negative energy resistance 1, electricity resistance, unbreathing,
petrification resistance, rot immunity, AC +4
a: no special abilities


You were on level 3 of the Dungeon.
You were hungry.

You visited 1 branch of the dungeon, and saw 3 of its levels.

You collected 95 gold pieces.

Inventory:

Hand Weapons
 g - a +0 spear
 p - a +0 dagger of draining (weapon)
Armour
 i - a +0 leather armour (worn)
 u - a +0 buckler (worn)
Scrolls
 d - 4 scrolls of identify
 m - a scroll of remove curse {unknown}
 o - a scroll of recharging {unknown}
 v - a scroll of fear {unknown}
Potions
 h - a potion of magic {unknown}
 k - a potion of haste {unknown}
 l - a potion of curing {unknown}
 n - a potion of cure mutation {unknown}
 q - a potion of invisibility {unknown}
 t - a potion of brilliance {unknown}
 w - 2 potions of degeneration
 x - a potion of flight {unknown}
Books
 b - a book of Flames

   Spells                             Type                      Level
   a - Flame Tongue                   Conjuration/Fire             1
   b - Throw Flame                    Conjuration/Fire             2
   c - Conjure Flame                  Conjuration/Fire             3
   d - Inner Flame                    Hexes/Fire                   3
   e - Sticky Flame                   Conjuration/Fire             4
   f - Fireball                       Conjuration/Fire             5
Comestibles
 a - 4 fruits
 c - 3 bread rations
 f - a slice of pizza
 r - a meat ration
 s - 3 chunks of flesh


   Skills:
 * Level 2.2 Fighting
 + Level 2.0 Dodging
 - Level 2.1 Stealth
 + Level 0.2 Shields
 + Level 2.7 Spellcasting
 + Level 1.8 Conjurations
 * Level 4.3 Fire Magic


You had 8 spell levels left.
You knew the following spells:

 Your Spells              Type           Power        Failure   Level  Hunger
a - Flame Tongue          Conj/Fire      ##...        12%         1    #......


Dungeon Overview and Level Annotations

Branches:
Dungeon (3/15)

Altars:
Ashenzari


Innate Abilities, Weirdness & Mutations

You are resistant to torment.
Your stone body is resilient (AC +4).
You are immune to poison.
You resist negative energy.
You are resistant to electric shocks.
You can survive without breathing.
You are immune to petrification.
You are immune to rotting.


Message History

Casting: Flame Tongue
Confirm with . or Enter, or press ? or * to list all spells.
Aiming: Flame Tongue
Press: ? - help, Shift-Dir - straight line, f - orc wizard
Aim: an orc wizard, wielding a dagger and wearing a robe (lightly wounded, fast)
The flame tongue misses the orc wizard.
The orc wizard gestures at you while chanting.
The magic dart hits you!
* * * LOW HITPOINT WARNING * * *
Casting: Flame Tongue
Confirm with . or Enter, or press ? or * to list all spells.
Aiming: Flame Tongue
Press: ? - help, Shift-Dir - straight line, f/p - orc wizard
Aim: an orc wizard, wielding a dagger and wearing a robe (fast)
The flame tongue hits the orc wizard.
The orc wizard is moderately wounded.
The orc wizard barely misses you. The orc wizard closely misses you.
The orc wizard casts a spell at you. The magic dart hits you!
You die...

.# .# .# .#### ....#
********
....######*,,,,,,******
....##...#*,****,,,,,,*
.o..##...##,#######**,*
....##...##.#.Jo@.#,*,*
....##...##.#o###.#,*,*****
..oKo....##.#.# *.#,,,,,,,*
........oJ..o.###.#,*******
.......##.#....$#.#,******
.......#*.#.....#.#,,,,,,*
........#,#.#...#.#*****,*
........#,#.#####.#,,,<*,*
........#,#.,,,,,,*,****,*


You could see an orc priest, an orc wizard and an ooze.

Vanquished Creatures
  An orc wizard (D:3)
  3 adders
  3 gnolls (D:2)
  An ooze (D:2)
  5 worms
  4 giant geckos
  An orc (D:3)
  A giant cockroach (D:1)
  9 hobgoblins
  5 jackals
  6 bats
  3 giant newts
  5 goblins
  5 kobolds
  4 rats (D:1)
56 creatures vanquished.

Notes
Turn   | Place    | Note
--------------------------------------------------------------
     0 | D:1      | Nordron the Gargoyle Fire Elementalist began the quest for the Orb.
     0 | D:1      | Reached XP level 1. HP: 10/10 MP: 3/3
   220 | D:1      | Reached XP level 2. HP: 9/16 MP: 0/5
   383 | D:1      | Found a shattered altar of Ashenzari.
   562 | D:1      | Reached XP level 3. HP: 20/20 MP: 1/6
   595 | D:1      | Reached skill level 1 in Fighting
   961 | D:2      | Reached skill level 4 in Fire Magic
   961 | D:2      | Reached XP level 4. HP: 25/25 MP: 3/7
  1546 | D:3      | Reached XP level 5. HP: 19/30 MP: 2/9
  1954 | D:3      | Killed from afar by an orc wizard

Skill      XL: |  1  2  3  4  5 |
---------------+----------------+-----
Fighting       | 1 2 |  2.2
Fire Magic     | 4 |  4.3
Dodging        | 2 |  2.0
Stealth        | |  2.1
Shields        | |  0.2
Spellcasting   | |  2.7
Conjurations   | |  1.8

Action                   |  1- 3 |  4- 6 || total
-------------------------+-------+-------++-------
Melee: Unarmed           |    12 |       ||    12
       Spear             |    17 |       ||    17
       Dagger            |     9 |   123 ||   132
 Cast: Flame Tongue      |    42 |    63 ||   105
  Use: Scroll            |       |     3 ||     3
  Eat: Chunk             |     1 |     3 ||     4
Armor: Robe              |    14 |       ||    14
       Leather armour    |     7 |    52 ||    59
Dodge: Dodged            |    26 |    60 ||    86
Block: Buckler           |       |     7 ||     7
